AoeStats
← polom.s1989

Oasis

509331698Analyzed
4v4 RM · 6d ago on Sep 26, 2026· 26m 16s· 8 players
Game mode
Random Map
Map size
Large (8 player)
Population
200
Speed
Normal
Resources
Standard
Victory
Conquest
Starting age
Dark Age
Ending age
Imperial Age
RankedLock teamsTeams togetherTeam positionsShared explorationLock speedFull tech treeHidden civsTurbo modeCheats
Victory
Defeat
🇭🇰 Ethiopians · Hong Kong SAR China
1737
+7
🇨🇳 Saracens · China
1653
+10
🇨🇳 Magyars · China
1549
+14
🇨🇳 Franks · China
1326
+22
🇧🇪 Poles · Belgium
1531
-15
🇹🇼 Celts · Taiwan
1528
-14
🇨🇿 Maya · Czechia
1504
-13
🇨🇳 Ethiopians · China
1441
-11
鬼洗
4:05 Loom
10:35 Feudal Age
15:39 Castle Age
13:30 Double-Bit Axe
14:36 Gold Mining
16:45 Bow Saw
17:14 Wheelbarrow
21:59 Ballistics
21:09 Pikeman
polom.s1989
0:27 Loom
10:01 Feudal Age
15:21 Castle Age
14:21 Forging
14:32 Double-Bit Axe
15:15 Horse Collar
15:40 Scale Mail Armor
15:35 Eagle Warrior
Kilian
3:05 Loom
10:08 Feudal Age
11:41 Horse Collar
11:48 Double-Bit Axe
20:30 Castle Age
19:39 Bloodlines
23:16 Scale Barding Armor
crux_dy164
5:55 Loom
8:57 Feudal Age
9:03 Man-at-Arms
16:56 Double-Bit Axe
18:02 Town Watch
20:26 Wheelbarrow
22:18 Castle Age
20:32 Horse Collar
20:59 Fletching
21:10 Padded Archer Armor
22:40 Gold Mining
23:10 Crossbowman
23:47 Bodkin Arrow
25:19 Bow Saw
中药人
8:30 Feudal Age
9:01 Double-Bit Axe
16:50 Horse Collar
19:24 Castle Age
17:53 Bloodlines
19:45 Castle Age
17:58 Scale Barding Armor
19:49 Light Cavalry
20:30 Husbandry
26:57 Chain Barding Armor
大平果是小菜鸡父亲
5:24 Loom
8:48 Feudal Age
13:55 Fletching
16:58 Padded Archer Armor
22:16 Castle Age
20:53 Double-Bit Axe
21:56 Horse Collar
22:31 Gold Mining
22:18 Crossbowman
22:55 Bodkin Arrow
23:26 Bow Saw
25:26 Leather Archer Armor
26:55 Ballistics
班长
5:25 Loom
10:55 Feudal Age
17:34 Castle Age
16:53 Scale Barding Armor
17:00 Forging
17:19 Double-Bit Axe
19:04 Husbandry
20:31 Bow Saw
23:16 Chain Barding Armor
25:52 Gold Mining
星际小菜
6:17 Loom
8:56 Feudal Age
12:06 Horse Collar
12:18 Double-Bit Axe
15:30 Fletching
21:26 Castle Age
19:49 Gold Mining
21:29 Crossbowman
22:19 Bodkin Arrow
Connection lost

Rejoining the realm…

Still unreachable

The connection could not be restored.

Session expired

The server has moved on; the page needs a fresh start.